 Dungeon Crawl Stone Soup version 0.29.1-13-g9f3cf754e1 (webtiles) character file.

Game seed: 16382424739042910961

4705 tizbic2 the Fighter (level 10, -4/111 HPs)
             Began as an Ogre Hunter on Feb 8, 2023.
             Was a Follower of the Shining One.
             Slain by a wyvern (8 damage)
             ... while petrified by a basilisk
             ... on level 9 of the Dungeon.
             The game lasted 00:38:22 (8935 turns).

tizbic2 the Fighter (Ogre Hunter)                   Turns: 8935, Time: 00:38:23

Health: -4/111     AC:  4    Str: 17    XL:     10   Next: 45%
Magic:  11/11      EV:  1    Int: 10    God:    the Shining One [*.....]
Gold:   671        SH:  0    Dex: 22    Spells: 5/11 levels left

rFire   + . .      SeeInvis .   f - +2 arbalest (freeze)
rCold   . . .      Faith    .   (shield currently unavailable)
rNeg    + + +      Spirit   .   E - +1 robe {rF+}
rPois   ∞          Reflect  .   (helmet restricted)
rElec   .          Harm     .   (no cloak)
rCorr   +          Rampage  .   (gloves unavailable)
Will    +....                   (boots unavailable)
Stlth   +.........              z - amulet of magic regeneration
HPRegen 0.28/turn               y - ring of resist corrosion
MPRegen 0.52/turn               r - +6 ring of dexterity

@: confused, divinely shielded, petrified, ambrosia-drunk, glowing
A: large, unfitting armour, tough skin 1
a: Renounce Religion, Divine Shield


You were on level 9 of the Dungeon.
You worshipped the Shining One.
The Shining One was aware of your devotion.
You visited 2 branches of the dungeon, and saw 10 of its levels.

You collected 671 gold pieces.

Inventory:

Hand Weapons
 a - a +1 dagger of speed
 f - a +2 arbalest of freezing (weapon)
 g - a +2 halberd of venom
 p - a +0 war axe
 q - a +0 rapier
 s - a +0 giant club
 w - a +0 shortbow
Missiles
 n - 3 boomerangs
 D - 3 javelins
Armour
 E - a +1 robe of fire resistance (worn)
Jewellery
 i - a ring of flight
 m - a ring of positive energy
 r - a +6 ring of dexterity (right hand)
 x - a ring of protection from cold
 y - a ring of resist corrosion (left hand)
 z - an amulet of magic regeneration (around neck)
Wands
 v - a wand of mindburst (13)
 B - a wand of charming (9)
Scrolls
 b - a scroll of immolation
 j - a scroll of magic mapping
 o - 2 scrolls of poison
 u - a scroll of silence
 A - a scroll of teleportation
Potions
 c - 2 potions of cancellation {unknown}
 d - 4 potions of heal wounds {unknown}
 h - 2 potions of flight
 k - a potion of invisibility
 l - a potion of magic
 t - a potion of mutation
 F - a potion of degeneration {unknown}
 G - a potion of might {unknown}


   Skills:
 - Level 10.8 Fighting
 * Level 9.7 Ranged Weapons
 + Level 3.0 Dodging
 - Level 1.0 Stealth
 - Level 1.2 Spellcasting
 + Level 2.0 Ice Magic
 - Level 1.6 Invocations


You had 5 spell levels left.
You knew the following spells:

 Your Spells              Type           Power      Damage    Failure   Level
a - Foxfire               Conj/Fire      0%         2x1d4     34%         1
b - Ensorcelled Hibernat  Hex/Ice        4%         N/A       34%         2
c - Frozen Ramparts       Ice            8%         1d2       41%         3

Your spell library contained the following spells:

 Spells                   Type           Power      Damage    Failure   Level
 Freeze                   Ice            16%        1d4       14%         1
 Spider Form              Tmut/Pois      0%         N/A       71%         3
 Hailstorm                Conj/Ice       2%         3d3       92%         4
 Anguish                  Hex/Necr       0%         N/A       98%         4


Dungeon Overview and Level Annotations

Branches:
Dungeon (9/15)             Temple (1/1) D:5
   Lair: D:8-11         Orc: D:9-12

Altars:
Ashenzari
Cheibriados
Dithmenos
Elyvilon
Fedhas
Gozag
Hepliaklqana
Kikubaaqudgha
Makhleb
Nemelex Xobeh
Okawaru
Qazlal
Ru
Sif Muna
Trog
Uskayaw
Vehumet
Wu Jian
Xom
Yredelemnul
Zin
The Shining One


Innate Abilities, Weirdness & Mutations

You are too large for most types of armour.
You have tough skin. (AC +1)


Message History

You block the wyvern's attack.
Fire: f) +2 arbalest (freeze)
Press: ? - help, Q - select action, (/) - cycle Shift-Dir - straight line, f/p - wyvern
Aim: a wyvern (almost dead, haloed, 83% to hit)
You shoot a bolt. The bolt hits the wyvern!
The bolt freezes the wyvern.
You kill the wyvern!
The wyvern bites you.
* * * LOW HITPOINT WARNING * * *
The basilisk gazes at you.
You are slowing down.
You block the wyvern's attack.
Your Dodging skill increases to level 3!
Your Ice Magic skill increases to level 2!
You are confused.
You feel invigorated. The wyvern bites you!
* * * LOW HITPOINT WARNING * * *
The basilisk bites you. The wyvern bites you!
* * * LOW HITPOINT WARNING * * *
The basilisk bites you but does no damage.
The wyvern bites you!
* * * LOW HITPOINT WARNING * * *
Your limbs are stiffening.
The basilisk attacks as you move away! The basilisk barely misses you.
The wyvern closely misses you.
You have turned to stone.
The wyvern bites you!
* * * LOW HITPOINT WARNING * * *
The wyvern bites you!
* * * LOW HITPOINT WARNING * * *
The wyvern barely misses you. The wyvern bites you!!
* * * LOW HITPOINT WARNING * * *
The wyvern bites you!!
* * * LOW HITPOINT WARNING * * *
The wyvern bites you!
* * * LOW HITPOINT WARNING * * *
The wyvern bites you but does no damage.
The wyvern bites you!
* * * LOW HITPOINT WARNING * * *
The wyvern bites you!
You die...

#.....####+#.........#
#.....#..............#
#.....#..............#
#.....#..............#
#.....'..............#
###...#.....##########
############# ##
#####.#.####..##.#
##.........###.#@.#
#....###.......l#####
..#### ###.....l....#
### ##.###......... #
####.##.....#. ..#
#...... ### .....#
###.## ##


You could see a basilisk and a wyvern.

Vanquished Creatures
  A cyclops (D:7)
  Psyche (D:8)
  A hornet (D:8)
  3 wyverns (D:9)
  4 yaks (D:9)
  Eustachio (D:5)
  2 steam dragons
  2 water moccasins
  2 black bears (D:6)
  An ice beast (D:6)
  3 sky beasts
  3 ogres
  3 centaurs
  Blork the orc (D:6)
  3 bullfrogs
  3 scorpions
  A howler monkey (D:7)
  3 hounds
  3 orc priests
  2 jellies
  A gnoll bouda (D:7)
  4 iguanas
  Natasha (thrice) (D:3)
  An orc wizard (D:9)
  8 gnolls
  7 adders
  A shadow imp (D:8)
  4 white imps
  2 ufetubi
  2 worms (D:5)
  7 dart slugs
  26 orcs
  5 ball pythons
  2 endoplasms
  2 giant cockroaches (D:1)
  9 goblins
  6 hobgoblins
  10 jackals
  5 kobolds
  4 quokkas
  5 bats
  4 frilled lizards
  7 rats
168 creatures vanquished.

Vanquished Creatures (others)
  4 foxfires
  A plant (D:8)
5 creatures vanquished.

Grand Total: 173 creatures vanquished

Notes
Turn   | Place    | Note
-------+----------+-------------------------------------------
     0 | D:1      | tizbic2 the Ogre Hunter began the quest for the Orb.
     0 | D:1      | Reached XP level 1. HP: 22/22 MP: 1/1
   100 | D:1      | Reached XP level 2. HP: 15/29 MP: 2/2
   111 | D:1      | Reached skill level 3 in Fighting
   111 | D:1      | Reached skill level 1 in Stealth
   362 | D:1      | Found a faded altar of an unknown god.
   372 | D:1      | Got Plato's Grimoire of the Pyromaniac
   401 | D:1      | Learned a level 1 spell: Foxfire
   854 | D:1      | Reached XP level 3. HP: 37/37 MP: 3/3
  1242 | D:1      | Reached skill level 1 in Spellcasting
  2182 | D:2      | Reached XP level 4. HP: 41/45 MP: 5/5
  2362 | D:2      | Found a stormy altar of Qazlal.
  2555 | D:3      | Noticed Natasha
  2556 | D:3      | Killed Natasha
  2629 | D:3      | Found a radiant altar of Vehumet.
  2629 | D:3      | Noticed Natasha
  2632 | D:3      | Killed Natasha
  2633 | D:3      | Reached skill level 4 in Fighting
  2633 | D:3      | Reached XP level 5. HP: 45/54 MP: 6/6
  2905 | D:3      | Noticed Natasha
  2908 | D:3      | Killed Natasha
  3326 | D:4      | Noticed an ogre
  3614 | D:4      | Reached XP level 6. HP: 65/65 MP: 7/7
  3668 | D:4      | Reached skill level 5 in Fighting
  3954 | D:4      | Reached skill level 5 in Ranged Weapons
  4146 | D:5      | Entered Level 5 of the Dungeon
  4163 | D:5      | Reached XP level 7. HP: 72/72 MP: 8/8
  4447 | D:5      | Noticed Eustachio
  4453 | D:5      | Killed Eustachio
  4454 | D:5      | Reached skill level 6 in Fighting
  4496 | D:5      | Found a staircase to the Ecumenical Temple.
  4509 | Temple   | Entered the Ecumenical Temple
  4554 | Temple   | Became a worshipper of the Shining One
  4599 | D:5      | Reached XP level 8. HP: 44/84 MP: 9/9
  4602 | D:5      | Reached skill level 7 in Fighting
  5005 | D:5      | Found a basalt altar of Yredelemnul.
  5347 | D:6      | Noticed Blork the orc
  5348 | D:6      | Killed Blork the orc
  5567 | D:6      | Reached skill level 8 in Fighting
  6016 | D:6      | Found a shimmering blue altar of Sif Muna.
  6454 | D:6      | Reached XP level 9. HP: 40/97 MP: 10/10
  6739 | D:7      | Reached skill level 9 in Fighting
  6740 | D:7      | Reached * piety under the Shining One
  6829 | D:7      | Found a bloodstained altar of Trog.
  6834 | D:7      | Found a hazy altar of Hepliaklqana.
  6871 | D:7      | Noticed a cyclops
  6874 | D:7      | Killed a cyclops
  7088 | D:7      | Reached skill level 10 in Fighting
  7485 | D:7      | Found a sparkling altar of Nemelex Xobeh.
  7529 | D:7      | Found a hide-covered altar of Uskayaw.
  7529 | D:7      | Found a shimmering altar of Xom.
  7529 | D:7      | Found an iron altar of Okawaru.
  7530 | D:7      | Found an ancient bone altar of Kikubaaqudgha.
  7531 | D:7      | Found a broken altar of Ashenzari.
  7532 | D:7      | Found a snail-covered altar of Cheibriados.
  7533 | D:7      | Found a sacrificial altar of Ru.
  7534 | D:7      | Found an ornate altar of the Wu Jian Council.
  7656 | D:8      | Noticed a hornet
  7661 | D:8      | Killed a hornet
  8136 | D:8      | Found a blossoming altar of Fedhas.
  8243 | D:8      | Noticed Psyche
  8245 | D:8      | Killed Psyche
  8246 | D:8      | Reached skill level 1 in Invocations
  8246 | D:8      | Reached XP level 10. HP: 111/111 MP: 11/11
  8651 | D:8      | Learned a level 2 spell: Ensorcelled Hibernation
  8655 | D:8      | Learned a level 3 spell: Frozen Ramparts
  8823 | D:9      | Reached skill level 1 in Ice Magic
  8933 | D:9      | HP: 4/111 [wyvern (5)]
  8935 | D:9      | Slain by a wyvern

Illustrated notes

Levels and vault maps discovered:
D:1:      co_arrival_random_square_maze, layout_loops_ring,
          shapermc_ecumenical_altar_rom_forum
D:2:      layout_basic, serial_glass, glass_columns_b, glass_columns_a,
          glass_columns_a, glass_columns_a, due_unseen_surprise, basic_altar
D:3:      layout_rooms, vehumet_crystals, uniq_natasha
D:4:      layout_loops_ring
D:5:      layout_basic, overflow_temple_1_default, minmay_temple_entry_grid,
          uniq_eustachio
D:6:      layout_loops_ring, nicolae_sif_muna_little_library, uniq_blork_the_orc
D:7:      hangedman_cross_stitches, layout_cave_pools, lemuel_doored_altar,
          minitemple, hangedman_decor_growths, minivault_4
D:8:      layout_loops_ring, fedhas_altar_3, uniq_psyche
D:9:      layout_irregular_city, erik_lair_dragon, gammafunk_ghost_necromancy
Temple:   hellmonk_temple_of_storms

Skill      XL: |  1  2  3  4  5  6  7  8  9 10 |
---------------+-------------------------------+-----
Ranged Weapons | 3 4 5 6 7 9 |  9.7
Fighting       | 3 4 5 6 8 10 | 10.8
Dodging        | 2 3 |  3.0
Stealth        | 1 |  1.0
Spellcasting   | 1 |  1.2
Invocations    | 1 |  1.6
Ice Magic      | 2 |  2.0

Action                   |  1- 3 |  4- 6 |  7- 9 | 10-12 || total
-------------------------+-------+-------+-------+-------++-------
Melee: Dagger            |    40 |    28 |    19 |       ||    87
       Punch             |     1 |       |     1 |       ||     2
       Giant club        |       |     2 |     5 |       ||     7
       War axe           |       |       |     7 |       ||     7
 Fire: Shortbow          |    86 |       |       |       ||    86
       Arbalest          |     4 |    73 |   149 |    48 ||   274
 Cast: Foxfire           |     1 |       |     1 |       ||     2
Invok: Divine Shield     |       |       |     1 |     1 ||     2
  Use: Scroll            |     3 |     6 |     6 |     1 ||    16
       Potion            |       |     1 |     2 |     2 ||     5
Armor: Robe              |    44 |    13 |    40 |     9 ||   106
       Skin              |       |       |    69 |       ||    69
Dodge: Dodged            |    65 |    37 |    88 |    13 ||   203
Block: Other             |       |       |     3 |     5 ||     8
